Minnesota North Stars vs Montreal Canadiens
Created - Monday, September 1, 2025 at 08:33
Goals
|
| Minnesota North Stars |
1 |
1 |
5 |
7 |
| Montreal Canadiens |
1 |
3 |
2 |
6 |
|
Shots
|
| Minnesota North Stars |
6 |
14 |
16 |
36 |
| Montreal Canadiens |
12 |
12 |
12 |
36 |
|
1st period
1. Minnesota North Stars , Ryan Nugent-Hopkins 4 (William Eklund 8, Brock Nelson 10) at 8:42
2. Montreal Canadiens , Damon Severson 3 (Dylan Larkin 9, Martin Necas 18) at 19:24 (PP)
Penalties :
Niko Mikkola (MNS) for Roughing (Minor) at 4:38, Brad Marchand (MTL) for Cross-checking (Minor) at 14:26, William Eklund (MNS) for Cross-checking (Minor) at 18:20
2nd period
3. Montreal Canadiens , Macklin Celebrini 15 (Aliaksei Protas 14) at 0:12
4. Montreal Canadiens , Dylan Larkin 11 (Martin Necas 19, Juraj Slafkovsky 12) at 0:44
5. Montreal Canadiens , Martin Necas 8 (Dylan Larkin 10) at 4:55 (PP)
6. Minnesota North Stars , Jonathan Marchessault 9 (William Eklund 9, Gustav Forsling 5) at 6:11
Penalties :
Erik Cernak (MNS) for Tripping (Minor) at 4:43, Gustav Forsling (MNS) for High sticking (Minor) at 7:20
3rd period
7. Minnesota North Stars , Neal Pionk 1 (Evgeni Malkin 10) at 0:32
8. Montreal Canadiens , Aliaksei Protas 6 (Adam Fox 7, Teddy Blueger 4) at 4:59 (SH)
9. Minnesota North Stars , William Eklund 3 (Evgeni Malkin 11, Brock Nelson 11) at 6:30 (PP)
10. Minnesota North Stars , Brock Nelson 6 (Kent Johnson 8, Neal Pionk 6) at 7:24
11. Montreal Canadiens , Teddy Blueger 3 (Adam Fox 8, Arttu Hyry 1) at 10:04
12. Minnesota North Stars , Rasmus Dahlin 2 (Jonathan Marchessault 5) at 10:34
13. Minnesota North Stars , Frank Vatrano 8 (Jack Hughes 20) at 12:07
Penalties :
Lane Hutson (MTL) for Holding (Minor) at 4:53, Jonathan Marchessault (MNS) for Delaying the game (Minor) at 12:47
Goalie Stats
Logan Thompson (MNS), 30 saves from 36 shots - (0.833), W, 9-3-1, 60:00 minutes
Stuart Skinner (MTL), 29 saves from 36 shots - (0.806), L, 9-6-0, 58:41 minutes
Players Stats for Minnesota North Stars
Player Name G A P +/- PIM S H SB GA TA FO MP PP MP PK MP
------------------------------------------------------------------------------------
Brock Nelson 1 2 3 0 0 4 1 0 1 0 5/13 14:51 1:13 0:00
Erik Cernak 0 0 0 2 2 1 1 1 0 1 0/0 18:46 0:00 3:34
Evgeni Malkin 0 2 2 1 0 1 0 1 1 0 1/2 15:16 1:13 0:00
Frank Vatrano 1 0 1 2 0 2 2 0 0 0 1/1 14:03 0:00 0:00
Gustav Forsling 0 1 1 1 2 0 0 2 0 1 0/0 21:48 1:15 2:45
Ivan Barbashev 0 0 0 -1 0 0 1 0 0 0 0/0 6:02 0:00 0:00
Jack Hughes 0 1 1 2 0 3 1 0 3 1 8/13 16:39 2:23 0:00
Jonathan Marchessault 1 1 2 1 2 3 2 1 1 2 0/0 17:09 2:23 0:31
Kent Johnson 0 1 1 1 0 2 0 0 1 0 1/2 13:49 0:00 0:11
Matt Roy 0 0 0 -1 0 1 1 1 0 1 0/0 21:58 2:21 3:27
Mattias Janmark 0 0 0 -1 0 1 2 0 0 0 0/1 10:40 0:00 3:26
Neal Pionk 1 1 2 0 0 6 1 4 0 2 0/0 18:21 1:15 0:00
Niko Mikkola 0 0 0 1 2 1 1 3 0 0 0/0 18:55 0:00 2:50
Rasmus Dahlin 1 0 1 1 0 3 2 0 0 2 0/0 20:10 2:21 1:50
Ryan Nugent-Hopkins 1 0 1 1 0 2 0 0 0 0 15/30 18:49 0:00 3:36
Valeri Nichushkin 0 0 0 1 0 1 3 1 1 1 0/0 17:35 2:23 0:11
William Eklund 1 2 3 0 2 5 0 0 2 0 0/2 18:20 1:13 3:05
William Karlsson 0 0 0 -1 0 0 1 1 0 0 1/3 9:30 0:00 3:26
Players Stats for Montreal Canadiens
Player Name G A P +/- PIM S H SB GA TA FO MP PP MP PK MP
------------------------------------------------------------------------------------
Adam Fox 0 2 2 -1 0 3 1 1 0 0 0/0 23:21 4:23 1:16
Aliaksei Protas 1 1 2 -1 0 1 0 0 0 0 0/0 14:56 0:00 1:17
Arttu Hyry 0 1 1 0 0 0 0 0 0 0 0/0 8:00 0:00 0:00
Brad Marchand 0 0 0 -1 2 5 1 1 1 0 0/0 19:50 5:04 0:00
Brady Skjei 0 0 0 -1 0 1 0 3 0 1 0/0 25:23 2:50 2:15
Damon Severson 1 0 1 -1 0 1 0 4 0 2 0/0 19:35 2:50 1:21
Drew O'Connor 0 0 0 -2 0 0 0 0 1 0 0/2 12:15 0:00 0:00
Dylan Larkin 1 2 3 0 0 5 2 0 2 1 17/29 20:30 5:04 0:00
Evgeni Dadonov 0 0 0 1 0 0 1 0 0 0 0/0 8:13 0:00 0:00
Ilya Lyubushkin 0 0 0 0 0 2 0 0 0 1 0/0 13:27 0:00 0:00
Jake Evans 0 0 0 -2 0 1 1 1 0 0 6/11 14:34 0:00 2:19
Jayden Struble 0 0 0 0 0 1 1 0 0 1 0/0 14:32 0:04 1:21
Juraj Slafkovsky 0 1 1 0 0 1 0 0 0 0 0/1 16:23 2:09 0:00
Lane Hutson 0 0 0 -1 2 0 1 0 1 2 0/0 23:41 4:19 0:59
Macklin Celebrini 1 0 1 -2 0 4 2 1 0 0 8/16 15:48 2:09 0:00
Martin Necas 1 2 3 0 0 6 1 0 4 1 1/1 22:32 5:04 2:19
Patrik Laine 0 0 0 -2 0 3 0 0 2 1 0/0 14:14 2:09 0:00
Teddy Blueger 1 1 2 2 0 2 1 2 0 0 3/7 9:08 0:00 1:17
3 Stars
1 - Brock Nelson (MNS)
2 - Dylan Larkin (MTL)
3 - Teddy Blueger (MTL)
Power Play
Minnesota North Stars - 1 on 1 Attempt(s) - 100.00%
Montreal Canadiens - 2 on 6 Attempt(s) - 33.33%
Penalty Kill
Minnesota North Stars - 4 on 6 Attempt(s) - 66.67%
- Score 0 goal in Penalty Kill
Montreal Canadiens - 0 on 1 Attempt(s) - 0.00%
- Score 1 goal in Penalty Kill
Team Stat
Minnesota North Stars - Hits : 19 - Faceoff Wins : 32 - Blocked Shots : 15 - Penalty Minutes : 10
Montreal Canadiens - Hits : 12 - Faceoff Wins : 35 - Blocked Shots : 13 - Penalty Minutes : 4
Official
Referees : Beaudry Halkidis and Kendrick Nicholson
Linesman : Ryan Galloway and Tommy Hughes
Game Notes
17:25 of 3rd period - Penalty Shot by Mattias Janmark for Minnesota North Stars - Stopped by Stuart Skinner
Finance
Level 1 -- Attendance: 5672 (94.53%) -- Ticket Income $527,496
Level 2 -- Attendance: 4723 (94.46%) -- Ticket Income $250,319
Level 3 -- Attendance: 3000 (100.00%) -- Ticket Income $96,000
Level 4 -- Attendance: 4771 (95.42%) -- Ticket Income $104,962
Luxury Box -- Attendance: 737 (73.70%) -- Ticket Income $143,715
Game was played at the Bell Centre.
Total Attendance: 18903 (94.52%)
Total Ticket Income: $1,122,492
Other Income: $392,872
Total Income: $1,515,364
Minnesota North Stars
5 vs 5 Forward
Center Left Wing Right Wing Time % Phy DF OF
1 Brock Nelson Kent Johnson Valeri Nichushkin 31 1 2 2
2 Jack Hughes Evgeni Malkin Frank Vatrano 31 1 2 2
3 Ryan Nugent-Hopkins William Eklund Jonathan Marchessault 30 1 2 2
4 William Karlsson Ivan Barbashev Mattias Janmark 8 1 2 2
5 vs 5 Defense
Defense Defense Time % Phy DF OF
1 Neal Pionk Matt Roy 34 2 2 1
2 Rasmus Dahlin Erik Cernak 33 2 2 1
3 Gustav Forsling Niko Mikkola 33 2 2 1
4 Rasmus Dahlin Matt Roy 0 1 2 2
PowerPlay Forward
Center Left Wing Right Wing Time % Phy DF OF
1 Jack Hughes Jonathan Marchessault Valeri Nichushkin 50 0 1 4
2 Evgeni Malkin Brock Nelson William Eklund 50 0 1 4
PowerPlay Defense
Defense Defense Time % Phy DF OF
1 Rasmus Dahlin Matt Roy 50 0 2 3
2 Gustav Forsling Neal Pionk 50 0 2 3
Penalty Kill 4 Players Forward
Center Wing Time % Phy DF OF
1 Ryan Nugent-Hopkins William Eklund 50 0 5 0
2 William Karlsson Mattias Janmark 50 0 5 0
Penalty Kill 4 Players Defense
Defense Defense Time % Phy DF OF
1 Erik Cernak Gustav Forsling 50 0 5 0
2 Matt Roy Niko Mikkola 50 0 5 0
Penalty Kill - 3 Players Forward
Forward Time % Phy DF OF
1 Ryan Nugent-Hopkins 50 0 5 0
2 Mattias Janmark 50 0 5 0
Penalty Kill - 3 Players Defense
Defense Defense Time % Phy DF OF
1 Matt Roy Erik Cernak 50 0 5 0
2 Gustav Forsling Niko Mikkola 50 0 5 0
4 vs 4 Forward
Center Wing Time % Phy DF OF
1 Jack Hughes Valeri Nichushkin 50 1 2 2
2 Evgeni Malkin William Eklund 50 1 2 2
4 vs 4 Defense
Defense Defense Time % Phy DF OF
1 Rasmus Dahlin Neal Pionk 50 1 3 1
2 Gustav Forsling Niko Mikkola 50 1 3 1
Last Minutes Offensive
Center Left Wing Right Wing Defense Defense
Jack Hughes Jonathan Marchessault Valeri Nichushkin Rasmus Dahlin Gustav Forsling
Last Minutes Defensive
Center Left Wing Right Wing Defense Defense
Ryan Nugent-Hopkins Mattias Janmark Valeri Nichushkin Erik Cernak Gustav Forsling
Goaltenders
Starting : Logan Thompson
Backup : Charlie Lindgren
Extra Forwards
Normal : William Eklund, Ivan Barbashev, Jonathan Marchessault - PP : William Eklund, Jonathan Marchessault - PK : Jonathan Marchessault
Extra Defensemen
Normal : Neal Pionk, Niko Mikkola, Gustav Forsling - PP : Neal Pionk - PK : Niko Mikkola, Gustav Forsling
Penalty Shots
William Eklund, Jonathan Marchessault, Valeri Nichushkin, Evgeni Malkin, Ryan Nugent-Hopkins
Scratches
Lawson Crouse (Healthy), Dylan DeMelo (Healthy)
Montreal Canadiens
5 vs 5 Forward
Center Left Wing Right Wing Time % Phy DF OF
1 Dylan Larkin Juraj Slafkovsky Martin Necas 30 1 2 2
2 Macklin Celebrini Aliaksei Protas Brad Marchand 30 1 2 2
3 Jake Evans Patrik Laine Drew O'Connor 25 1 3 1
4 Teddy Blueger Evgeni Dadonov Arttu Hyry 15 1 3 1
5 vs 5 Defense
Defense Defense Time % Phy DF OF
1 Brady Skjei Adam Fox 35 1 3 1
2 Lane Hutson Damon Severson 30 1 3 1
3 Ilya Lyubushkin Jayden Struble 25 1 3 1
4 Brady Skjei Lane Hutson 10 1 3 1
PowerPlay Forward
Center Left Wing Right Wing Time % Phy DF OF
1 Dylan Larkin Brad Marchand Martin Necas 70 0 0 5
2 Macklin Celebrini Juraj Slafkovsky Patrik Laine 30 0 0 5
PowerPlay Defense
Defense Defense Time % Phy DF OF
1 Lane Hutson Adam Fox 70 0 0 5
2 Brady Skjei Damon Severson 30 0 0 5
Penalty Kill 4 Players Forward
Center Wing Time % Phy DF OF
1 Jake Evans Martin Necas 50 0 5 0
2 Teddy Blueger Aliaksei Protas 50 0 5 0
Penalty Kill 4 Players Defense
Defense Defense Time % Phy DF OF
1 Lane Hutson Brady Skjei 50 1 4 0
2 Damon Severson Jayden Struble 50 1 4 0
Penalty Kill - 3 Players Forward
Forward Time % Phy DF OF
1 Jake Evans 50 0 5 0
2 Teddy Blueger 50 0 5 0
Penalty Kill - 3 Players Defense
Defense Defense Time % Phy DF OF
1 Lane Hutson Brady Skjei 50 0 5 0
2 Damon Severson Jayden Struble 50 0 5 0
4 vs 4 Forward
Center Wing Time % Phy DF OF
1 Jake Evans Patrik Laine 50 1 2 2
2 Teddy Blueger Aliaksei Protas 50 1 2 2
4 vs 4 Defense
Defense Defense Time % Phy DF OF
1 Brady Skjei Adam Fox 50 1 2 2
2 Lane Hutson Damon Severson 50 1 2 2
Last Minutes Offensive
Center Left Wing Right Wing Defense Defense
Dylan Larkin Brad Marchand Martin Necas Lane Hutson Adam Fox
Last Minutes Defensive
Center Left Wing Right Wing Defense Defense
Jake Evans Aliaksei Protas Martin Necas Lane Hutson Brady Skjei
Goaltenders
Starting : Stuart Skinner
Backup : Pyotr Kochetkov
Extra Forwards
Normal : Brad Marchand, Dylan Larkin, Martin Necas - PP : Brad Marchand, Dylan Larkin - PK : Jake Evans
Extra Defensemen
Normal : Brady Skjei, Adam Fox, Lane Hutson - PP : Adam Fox - PK : Brady Skjei, Lane Hutson
Penalty Shots
Martin Necas, Dylan Larkin, Brad Marchand, Macklin Celebrini, Juraj Slafkovsky
Scratches
Ryan Poehling (Bruised Right Arm Injury), Conor Timmins (Healthy), David Rittich (Healthy)
% Time on Ice - Minnesota North Stars
Lines # - Real PCT - Wanted PCT - Time Play
Normal Forward
1 - 29% - 31% - 13:52
2 - 29% - 31% - 14:05
3 - 29% - 30% - 14:02
4 - 13% - 8% - 6:02
Normal Defense
1 - 32% - 34% - 15:22
2 - 35% - 33% - 16:35
3 - 32% - 33% - 15:19
4 - 2% - 0% - 0:45
PP Forward
1 - 66% - 50% - 2:23
2 - 34% - 50% - 1:13
PP Defense
1 - 65% - 50% - 2:21
2 - 35% - 50% - 1:15
PK Forward
1 - 50% - 50% - 3:36
2 - 50% - 50% - 3:37
PK Defense
1 - 52% - 50% - 3:46
2 - 48% - 50% - 3:27
PK3 Forward
1 - 0% - 50%
2 - 0% - 50%
PK3 Defense
1 - 0% - 50%
2 - 0% - 50%
44 Forward
1 - 0% - 50%
2 - 0% - 50%
44 Defense
1 - 0% - 50%
2 - 0% - 50%
Last Minute Offensive - 0:00
Last Minute Defensive - 1:10
Total
Forward - 60:00
Defense - 60:00
|
% Time on Ice - Montreal Canadiens
Lines # - Real PCT - Wanted PCT - Time Play
Normal Forward
1 - 30% - 30% - 14:13
2 - 28% - 30% - 13:39
3 - 26% - 25% - 12:15
4 - 16% - 15% - 7:51
Normal Defense
1 - 36% - 35% - 17:05
2 - 32% - 30% - 15:24
3 - 26% - 25% - 12:37
4 - 6% - 10% - 2:52
PP Forward
1 - 70% - 70% - 5:04
2 - 30% - 30% - 2:09
PP Defense
1 - 61% - 70% - 4:23
2 - 39% - 30% - 2:50
PK Forward
1 - 64% - 50% - 2:19
2 - 36% - 50% - 1:17
PK Defense
1 - 63% - 50% - 2:15
2 - 38% - 50% - 1:21
PK3 Forward
1 - 0% - 50%
2 - 0% - 50%
PK3 Defense
1 - 0% - 50%
2 - 0% - 50%
44 Forward
1 - 0% - 50%
2 - 0% - 50%
44 Defense
1 - 0% - 50%
2 - 0% - 50%
Last Minute Offensive - 1:13
Last Minute Defensive - 0:00
Total
Forward - 60:00
Defense - 60:00
|
Play-by-Play
1st period
0:01 of 1st period - Dylan Larkin wins face-off versus Brock Nelson in neutral zone.
0:06 of 1st period - Brady Skjei is hit by Valeri Nichushkin and loses puck.
0:11 of 1st period - Wrist shot by Brock Nelson.
0:11 of 1st period - Stopped by Stuart Skinner with a rebound.
0:34 of 1st period - Wrist shot by Jack Hughes.
0:34 of 1st period - Shot Hit the Post.
0:36 of 1st period - Slapshot by Rasmus Dahlin.
0:36 of 1st period - Stopped by Stuart Skinner with a rebound.
0:48 of 1st period - Wrist shot by William Karlsson.
0:48 of 1st period - Shot Misses the Net.
1:16 of 1st period - Slapshot by William Eklund.
1:16 of 1st period - Deflect By Ryan Nugent-Hopkins.
1:16 of 1st period - Shot Misses the Net.
1:16 of 1st period - Puck is out of play.
1:17 of 1st period - Martin Necas wins face-off versus Ryan Nugent-Hopkins in Montreal Canadiens zone.
1:40 of 1st period - Dylan Larkin is hit by Niko Mikkola and loses puck.
1:48 of 1st period - Off-side.
1:49 of 1st period - Kent Johnson wins face-off versus Macklin Celebrini in neutral zone.
2:47 of 1st period - Snap shot by Patrik Laine.
2:47 of 1st period - Shot Blocked by Jonathan Marchessault.
2:49 of 1st period - Wrist shot by Drew O'Connor.
2:49 of 1st period - Shot Misses the Net.
3:43 of 1st period - Frank Vatrano is hit by Jayden Struble.
4:03 of 1st period - Jayden Struble is hit by Matt Roy and loses puck.
4:30 of 1st period - Dylan Larkin is hit by Valeri Nichushkin and loses puck.
4:38 of 1st period - Minor Penalty to Niko Mikkola for Roughing.
4:39 of 1st period - Ryan Nugent-Hopkins wins face-off versus Dylan Larkin in Minnesota North Stars zone.
5:55 of 1st period - Mattias Janmark is hit by Dylan Larkin and loses puck.
6:18 of 1st period - Wrist shot by Dylan Larkin.
6:18 of 1st period - Shot Misses the Net.
6:20 of 1st period - Snap shot by Brad Marchand.
6:20 of 1st period - Shot Misses the Net.
6:22 of 1st period - Slapshot by Adam Fox.
6:22 of 1st period - Stopped by Logan Thompson with a rebound.
6:24 of 1st period - Snap shot by Brad Marchand.
6:24 of 1st period - Shot Misses the Net.
6:32 of 1st period - Snap shot by Mattias Janmark.
6:32 of 1st period - Shot Blocked by Damon Severson.
6:36 of 1st period - Wrist shot by William Karlsson.
6:36 of 1st period - Shot Misses the Net.
6:38 of 1st period - Penalty to Niko Mikkola is over, Niko Mikkola is back on ice.
6:38 of 1st period - Wrist shot by Mattias Janmark.
6:38 of 1st period - Stopped by Stuart Skinner without a rebound.
6:39 of 1st period - Frank Vatrano wins face-off versus Jake Evans in Montreal Canadiens zone.
7:33 of 1st period - Wrist shot by William Eklund.
7:33 of 1st period - Stopped by Stuart Skinner with a rebound.
7:56 of 1st period - Lane Hutson is hit by Mattias Janmark and loses puck.
8:11 of 1st period - Slapshot by Frank Vatrano.
8:11 of 1st period - Shot Misses the Net.
8:13 of 1st period - Wrist shot by Frank Vatrano.
8:13 of 1st period - Shot Blocked by Damon Severson.
8:42 of 1st period - Snap shot by Ryan Nugent-Hopkins.
8:42 of 1st period - Goal by Ryan Nugent-Hopkins - Minnesota North Stars : 1 - Montreal Canadiens : 0.
8:43 of 1st period - Jack Hughes wins face-off versus Drew O'Connor in neutral zone.
9:18 of 1st period - Snap shot by Frank Vatrano.
9:18 of 1st period - Shot Misses the Net.
9:20 of 1st period - Slapshot by Rasmus Dahlin.
9:20 of 1st period - Shot Misses the Net.
10:26 of 1st period - Jake Evans is hit by William Karlsson and loses puck.
10:43 of 1st period - Snap shot by Brock Nelson.
10:43 of 1st period - Stopped by Stuart Skinner with a rebound.
10:49 of 1st period - Slapshot by Patrik Laine.
10:49 of 1st period - Shot Blocked by Valeri Nichushkin.
10:51 of 1st period - Wrist shot by Brady Skjei.
10:51 of 1st period - Shot Misses the Net.
10:53 of 1st period - Snap shot by Drew O'Connor.
10:53 of 1st period - Shot Misses the Net.
10:55 of 1st period - Snap shot by Drew O'Connor.
10:55 of 1st period - Shot Blocked by Neal Pionk.
11:07 of 1st period - Snap shot by Jake Evans.
11:07 of 1st period - Shot Misses the Net.
11:09 of 1st period - Slapshot by Adam Fox.
11:09 of 1st period - Shot Misses the Net.
11:11 of 1st period - Wrist shot by Patrik Laine.
11:11 of 1st period - Stopped by Logan Thompson without a rebound.
11:12 of 1st period - Dylan Larkin wins face-off versus Jack Hughes in Minnesota North Stars zone.
11:17 of 1st period - Wrist shot by Martin Necas.
11:17 of 1st period - Shot Blocked by Gustav Forsling.
11:19 of 1st period - Slapshot by Ilya Lyubushkin.
11:19 of 1st period - Stopped by Logan Thompson without a rebound.
11:20 of 1st period - Jack Hughes wins face-off versus Dylan Larkin in Minnesota North Stars zone.
12:04 of 1st period - Snap shot by Dylan Larkin.
12:04 of 1st period - Shot Misses the Net.
12:06 of 1st period - Snap shot by Dylan Larkin.
12:06 of 1st period - Shot Misses the Net.
12:08 of 1st period - Snap shot by Dylan Larkin.
12:08 of 1st period - Shot Blocked by Evgeni Malkin.
12:10 of 1st period - Slapshot by Jayden Struble.
12:10 of 1st period - Shot Blocked by Niko Mikkola.
12:12 of 1st period - Slapshot by Ilya Lyubushkin.
12:12 of 1st period - Deflect By Martin Necas.
12:12 of 1st period - Stopped by Logan Thompson with a rebound.
12:14 of 1st period - Wrist shot by Juraj Slafkovsky.
12:14 of 1st period - Shot Misses the Net.
12:16 of 1st period - Slapshot by Ilya Lyubushkin.
12:16 of 1st period - Deflect By Juraj Slafkovsky.
12:16 of 1st period - Deflect By Frank Vatrano.
12:16 of 1st period - Shot Misses the Net.
12:16 of 1st period - Puck is out of play.
12:17 of 1st period - Ryan Nugent-Hopkins wins face-off versus Macklin Celebrini in Minnesota North Stars zone.
12:31 of 1st period - Slapshot by Brad Marchand.
12:31 of 1st period - Stopped by Logan Thompson with a rebound.
12:33 of 1st period - Slapshot by Lane Hutson.
12:33 of 1st period - Shot Blocked by Neal Pionk.
12:48 of 1st period - Snap shot by Patrik Laine.
12:48 of 1st period - Deflect By Drew O'Connor.
12:48 of 1st period - Shot Misses the Net.
12:48 of 1st period - Puck is out of play.
12:49 of 1st period - Brock Nelson wins face-off versus Macklin Celebrini in Minnesota North Stars zone.
12:49 of 1st period - Brock Nelson is hit by Adam Fox.
13:15 of 1st period - Drew O'Connor is hit by Rasmus Dahlin and loses puck.
14:26 of 1st period - Minor Penalty to Brad Marchand for Cross-checking.
14:27 of 1st period - Jack Hughes wins face-off versus Jake Evans in Montreal Canadiens zone.
14:27 of 1st period - Slapshot by Valeri Nichushkin.
14:27 of 1st period - Deflect By Martin Necas.
14:27 of 1st period - Shot Misses the Net.
14:27 of 1st period - Puck is out of play.
14:28 of 1st period - Jake Evans wins face-off versus Jack Hughes in Montreal Canadiens zone.
14:28 of 1st period - Jake Evans is hit by Jonathan Marchessault.
14:54 of 1st period - Jayden Struble is hit by Brock Nelson.
16:20 of 1st period - Jake Evans is hit by Valeri Nichushkin and loses puck.
16:26 of 1st period - Penalty to Brad Marchand is over, Brad Marchand is back on ice.
17:02 of 1st period - Snap shot by Patrik Laine.
17:02 of 1st period - Stopped by Logan Thompson without a rebound.
17:03 of 1st period - Jake Evans wins face-off versus William Eklund in Minnesota North Stars zone.
17:22 of 1st period - Snap shot by William Eklund.
17:22 of 1st period - Shot Misses the Net.
17:41 of 1st period - Snap shot by Teddy Blueger.
17:41 of 1st period - Stopped by Logan Thompson with a rebound.
18:09 of 1st period - Slapshot by Brock Nelson.
18:09 of 1st period - Shot Blocked by Brady Skjei.
18:20 of 1st period - Minor Penalty to William Eklund for Cross-checking.
18:21 of 1st period - Ryan Nugent-Hopkins wins face-off versus Dylan Larkin in Minnesota North Stars zone.
18:26 of 1st period - Icing by Martin Necas.
18:27 of 1st period - Dylan Larkin wins face-off versus Ryan Nugent-Hopkins in Montreal Canadiens zone.
18:56 of 1st period - Wrist shot by Juraj Slafkovsky.
18:56 of 1st period - Stopped by Logan Thompson without a rebound.
18:57 of 1st period - Ryan Nugent-Hopkins wins face-off versus Macklin Celebrini in Minnesota North Stars zone.
19:12 of 1st period - Slapshot by Macklin Celebrini.
19:12 of 1st period - Stopped by Logan Thompson without a rebound.
19:13 of 1st period - Dylan Larkin wins face-off versus William Karlsson in Minnesota North Stars zone.
19:16 of 1st period - Snap shot by Martin Necas.
19:16 of 1st period - Stopped by Logan Thompson without a rebound.
19:17 of 1st period - Dylan Larkin wins face-off versus William Karlsson in Minnesota North Stars zone.
19:22 of 1st period - Slapshot by Dylan Larkin.
19:22 of 1st period - Stopped by Logan Thompson with a rebound.
19:24 of 1st period - Wrist shot by Damon Severson.
19:24 of 1st period - Goal by Damon Severson - Minnesota North Stars : 1 - Montreal Canadiens : 1.
19:25 of 1st period - Macklin Celebrini wins face-off versus Ryan Nugent-Hopkins in neutral zone.
Goals for this period are 1 for Minnesota North Stars vs 1 for Montreal Canadiens.
Shots for this period are 6 for Minnesota North Stars vs 12 for Montreal Canadiens.
2nd period
0:01 of 2nd period - Macklin Celebrini wins face-off versus Ryan Nugent-Hopkins in neutral zone.
0:04 of 2nd period - Wrist shot by Macklin Celebrini.
0:04 of 2nd period - Shot Misses the Net.
0:12 of 2nd period - Snap shot by Macklin Celebrini.
0:12 of 2nd period - Goal by Macklin Celebrini - Minnesota North Stars : 1 - Montreal Canadiens : 2.
0:13 of 2nd period - Brock Nelson wins face-off versus Macklin Celebrini in neutral zone.
0:26 of 2nd period - Icing by Gustav Forsling.
0:27 of 2nd period - Dylan Larkin wins face-off versus Kent Johnson in Minnesota North Stars zone.
0:44 of 2nd period - Snap shot by Dylan Larkin.
0:44 of 2nd period - Goal by Dylan Larkin - Minnesota North Stars : 1 - Montreal Canadiens : 3.
0:45 of 2nd period - Jack Hughes wins face-off versus Macklin Celebrini in neutral zone.
0:52 of 2nd period - Wrist shot by Frank Vatrano.
0:52 of 2nd period - Shot Blocked by Brad Marchand.
0:54 of 2nd period - Wrist shot by Evgeni Malkin.
0:54 of 2nd period - Stopped by Stuart Skinner with a rebound.
1:36 of 2nd period - Wrist shot by Patrik Laine.
1:36 of 2nd period - Shot Misses the Net.
1:38 of 2nd period - Slapshot by Brady Skjei.
1:38 of 2nd period - Stopped by Logan Thompson without a rebound.
1:39 of 2nd period - Jack Hughes wins face-off versus Jake Evans in Minnesota North Stars zone.
1:48 of 2nd period - Snap shot by Frank Vatrano.
1:48 of 2nd period - Shot Misses the Net.
1:50 of 2nd period - Slapshot by Rasmus Dahlin.
1:50 of 2nd period - Deflect By Lane Hutson.
1:50 of 2nd period - Stopped by Stuart Skinner with a rebound.
1:52 of 2nd period - Snap shot by Jack Hughes.
1:52 of 2nd period - Shot Misses the Net.
1:54 of 2nd period - Slapshot by Erik Cernak.
1:54 of 2nd period - Deflect By Patrik Laine.
1:54 of 2nd period - Stopped by Stuart Skinner with a rebound.
1:56 of 2nd period - Snap shot by Jack Hughes.
1:56 of 2nd period - Stopped by Stuart Skinner without a rebound.
1:57 of 2nd period - Macklin Celebrini wins face-off versus Ryan Nugent-Hopkins in Montreal Canadiens zone.
2:12 of 2nd period - Snap shot by Aliaksei Protas.
2:12 of 2nd period - Shot Misses the Net.
2:24 of 2nd period - Juraj Slafkovsky is hit by Frank Vatrano and loses puck.
2:49 of 2nd period - Snap shot by Brock Nelson.
2:49 of 2nd period - Stopped by Stuart Skinner with a rebound.
2:51 of 2nd period - Snap shot by Neal Pionk.
2:51 of 2nd period - Stopped by Stuart Skinner with a rebound.
2:53 of 2nd period - Slapshot by Matt Roy.
2:53 of 2nd period - Shot Blocked by Brady Skjei.
2:55 of 2nd period - Slapshot by Neal Pionk.
2:55 of 2nd period - Stopped by Stuart Skinner with a rebound.
2:57 of 2nd period - Slapshot by Neal Pionk.
2:57 of 2nd period - Stopped by Stuart Skinner with a rebound.
2:59 of 2nd period - Slapshot by Matt Roy.
2:59 of 2nd period - Stopped by Stuart Skinner without a rebound.
3:00 of 2nd period - Ryan Nugent-Hopkins wins face-off versus Macklin Celebrini in Montreal Canadiens zone.
4:18 of 2nd period - Wrist shot by William Karlsson.
4:18 of 2nd period - Shot Blocked by Teddy Blueger.
4:20 of 2nd period - Slapshot by Neal Pionk.
4:20 of 2nd period - Deflect By Teddy Blueger.
4:20 of 2nd period - Stopped by Stuart Skinner without a rebound.
4:21 of 2nd period - Macklin Celebrini wins face-off versus William Eklund in Montreal Canadiens zone.
4:43 of 2nd period - Minor Penalty to Erik Cernak for Tripping.
4:44 of 2nd period - Ryan Nugent-Hopkins wins face-off versus Dylan Larkin in Minnesota North Stars zone.
4:55 of 2nd period - Snap shot by Martin Necas.
4:55 of 2nd period - Goal by Martin Necas - Minnesota North Stars : 1 - Montreal Canadiens : 4.
4:56 of 2nd period - Brock Nelson wins face-off versus Dylan Larkin in neutral zone.
5:07 of 2nd period - Snap shot by Valeri Nichushkin.
5:07 of 2nd period - Shot Misses the Net.
5:09 of 2nd period - Slapshot by Niko Mikkola.
5:09 of 2nd period - Stopped by Stuart Skinner with a rebound.
5:33 of 2nd period - Wrist shot by Brad Marchand.
5:33 of 2nd period - Shot Misses the Net.
5:35 of 2nd period - Wrist shot by Macklin Celebrini.
5:35 of 2nd period - Shot Blocked by Niko Mikkola.
5:37 of 2nd period - Snap shot by Aliaksei Protas.
5:37 of 2nd period - Shot Misses the Net.
6:09 of 2nd period - Snap shot by Jonathan Marchessault.
6:09 of 2nd period - Shot Blocked by Damon Severson.
6:11 of 2nd period - Slapshot by Jonathan Marchessault.
6:11 of 2nd period - Goal by Jonathan Marchessault - Minnesota North Stars : 2 - Montreal Canadiens : 4.
6:12 of 2nd period - Dylan Larkin wins face-off versus Ryan Nugent-Hopkins in neutral zone.
6:27 of 2nd period - Snap shot by Martin Necas.
6:27 of 2nd period - Shot Misses the Net.
7:11 of 2nd period - Snap shot by Jack Hughes.
7:11 of 2nd period - Shot Misses the Net.
7:20 of 2nd period - Minor Penalty to Gustav Forsling for High sticking.
7:21 of 2nd period - Dylan Larkin wins face-off versus Ryan Nugent-Hopkins in Minnesota North Stars zone.
7:21 of 2nd period - Snap shot by Martin Necas.
7:21 of 2nd period - Stopped by Logan Thompson without a rebound.
7:22 of 2nd period - Dylan Larkin wins face-off versus Ryan Nugent-Hopkins in Minnesota North Stars zone.
8:28 of 2nd period - Mattias Janmark is hit by Brad Marchand and loses puck.
9:15 of 2nd period - William Eklund is hit by Macklin Celebrini and loses puck.
9:20 of 2nd period - Penalty to Gustav Forsling is over, Gustav Forsling is back on ice.
10:18 of 2nd period - Aliaksei Protas is hit by Rasmus Dahlin and loses puck.
11:09 of 2nd period - Jake Evans is hit by Jonathan Marchessault and loses puck.
11:16 of 2nd period - Snap shot by William Eklund.
11:16 of 2nd period - Stopped by Stuart Skinner without a rebound.
11:17 of 2nd period - Brock Nelson wins face-off versus Teddy Blueger in Montreal Canadiens zone.
11:40 of 2nd period - Martin Necas is hit by Erik Cernak and loses puck.
13:06 of 2nd period - Wrist shot by Patrik Laine.
13:06 of 2nd period - Stopped by Logan Thompson with a rebound.
13:08 of 2nd period - Snap shot by Aliaksei Protas.
13:08 of 2nd period - Shot Misses the Net.
13:10 of 2nd period - Snap shot by Brad Marchand.
13:10 of 2nd period - Stopped by Logan Thompson without a rebound.
13:11 of 2nd period - Macklin Celebrini wins face-off versus Brock Nelson in Minnesota North Stars zone.
13:12 of 2nd period - Slapshot by Brad Marchand.
13:12 of 2nd period - Shot Misses the Net.
13:14 of 2nd period - Slapshot by Ilya Lyubushkin.
13:14 of 2nd period - Deflect By Brock Nelson.
13:14 of 2nd period - Stopped by Logan Thompson with a rebound.
13:24 of 2nd period - Snap shot by Macklin Celebrini.
13:24 of 2nd period - Shot Misses the Net.
13:26 of 2nd period - Slapshot by Ilya Lyubushkin.
13:26 of 2nd period - Shot Blocked by Niko Mikkola.
13:30 of 2nd period - Wrist shot by Macklin Celebrini.
13:30 of 2nd period - Shot Misses the Net.
13:32 of 2nd period - Wrist shot by Macklin Celebrini.
13:32 of 2nd period - Deflect By Brad Marchand.
13:32 of 2nd period - Shot Misses the Net.
13:32 of 2nd period - Puck is out of play.
13:33 of 2nd period - Dylan Larkin wins face-off versus Ryan Nugent-Hopkins in Minnesota North Stars zone.
14:00 of 2nd period - Matt Roy is hit by Lane Hutson.
15:18 of 2nd period - Martin Necas is hit by Ivan Barbashev and loses puck.
15:43 of 2nd period - Snap shot by Frank Vatrano.
15:43 of 2nd period - Stopped by Stuart Skinner with a rebound.
16:50 of 2nd period - Snap shot by Dylan Larkin.
16:50 of 2nd period - Stopped by Logan Thompson without a rebound.
16:51 of 2nd period - Macklin Celebrini wins face-off versus Ryan Nugent-Hopkins in Minnesota North Stars zone.
16:52 of 2nd period - Slapshot by Brad Marchand.
16:52 of 2nd period - Stopped by Logan Thompson with a rebound.
17:44 of 2nd period - Snap shot by Brock Nelson.
17:44 of 2nd period - Shot Misses the Net.
18:04 of 2nd period - Arttu Hyry is hit by Mattias Janmark and loses puck.
18:38 of 2nd period - Icing by Gustav Forsling.
18:39 of 2nd period - Ryan Nugent-Hopkins wins face-off versus Dylan Larkin in Minnesota North Stars zone.
18:52 of 2nd period - Snap shot by Juraj Slafkovsky.
18:52 of 2nd period - Shot Misses the Net.
18:54 of 2nd period - Slapshot by Adam Fox.
18:54 of 2nd period - Stopped by Logan Thompson without a rebound.
18:55 of 2nd period - Macklin Celebrini wins face-off versus Jack Hughes in Minnesota North Stars zone.
19:31 of 2nd period - Wrist shot by Brad Marchand.
19:31 of 2nd period - Stopped by Logan Thompson without a rebound.
19:32 of 2nd period - Ryan Nugent-Hopkins wins face-off versus Juraj Slafkovsky in Minnesota North Stars zone.
Goals for this period are 1 for Minnesota North Stars vs 3 for Montreal Canadiens.
Shots for this period are 14 for Minnesota North Stars vs 12 for Montreal Canadiens.
3rd period
0:01 of 3rd period - Dylan Larkin wins face-off versus Brock Nelson in neutral zone.
0:32 of 3rd period - Slapshot by Neal Pionk.
0:32 of 3rd period - Goal by Neal Pionk - Minnesota North Stars : 3 - Montreal Canadiens : 4.
0:33 of 3rd period - Dylan Larkin wins face-off versus Ryan Nugent-Hopkins in neutral zone.
0:46 of 3rd period - Snap shot by Dylan Larkin.
0:46 of 3rd period - Shot Blocked by Matt Roy.
0:48 of 3rd period - Slapshot by Damon Severson.
0:48 of 3rd period - Shot Misses the Net.
0:50 of 3rd period - Snap shot by Damon Severson.
0:50 of 3rd period - Shot Blocked by Neal Pionk.
1:00 of 3rd period - Damon Severson is hit by Neal Pionk and loses puck.
1:11 of 3rd period - Wrist shot by Frank Vatrano.
1:11 of 3rd period - Deflect By Aliaksei Protas.
1:11 of 3rd period - Shot Blocked by Macklin Celebrini.
1:11 of 3rd period - Puck is out of play.
1:12 of 3rd period - Dylan Larkin wins face-off versus Brock Nelson in Montreal Canadiens zone.
2:23 of 3rd period - Wrist shot by Martin Necas.
2:23 of 3rd period - Stopped by Logan Thompson without a rebound.
2:24 of 3rd period - Dylan Larkin wins face-off versus Brock Nelson in Minnesota North Stars zone.
3:42 of 3rd period - Snap shot by Macklin Celebrini.
3:42 of 3rd period - Stopped by Logan Thompson with a rebound.
3:44 of 3rd period - Wrist shot by Macklin Celebrini.
3:44 of 3rd period - Stopped by Logan Thompson with a rebound.
3:46 of 3rd period - Snap shot by Macklin Celebrini.
3:46 of 3rd period - Shot Misses the Net.
3:58 of 3rd period - Slapshot by Adam Fox.
3:58 of 3rd period - Stopped by Logan Thompson with a rebound.
4:53 of 3rd period - Minor Penalty to Lane Hutson for Holding.
4:54 of 3rd period - Teddy Blueger wins face-off versus Evgeni Malkin in Montreal Canadiens zone.
4:59 of 3rd period - Slapshot by Aliaksei Protas.
4:59 of 3rd period - Goal by Aliaksei Protas - Minnesota North Stars : 3 - Montreal Canadiens : 5.
5:00 of 3rd period - Jack Hughes wins face-off versus Teddy Blueger in neutral zone.
5:10 of 3rd period - Icing by Valeri Nichushkin.
5:11 of 3rd period - Jack Hughes wins face-off versus Jake Evans in Minnesota North Stars zone.
6:12 of 3rd period - Backhand shot by Valeri Nichushkin.
6:12 of 3rd period - Stopped by Stuart Skinner with a rebound.
6:14 of 3rd period - Slapshot by Matt Roy.
6:14 of 3rd period - Shot Blocked by Brady Skjei.
6:18 of 3rd period - Slapshot by Jack Hughes.
6:18 of 3rd period - Stopped by Stuart Skinner with a rebound.
6:20 of 3rd period - Slapshot by Jack Hughes.
6:20 of 3rd period - Stopped by Stuart Skinner without a rebound.
6:21 of 3rd period - Evgeni Malkin wins face-off versus Teddy Blueger in Montreal Canadiens zone.
6:30 of 3rd period - Slapshot by William Eklund.
6:30 of 3rd period - Goal by William Eklund - Minnesota North Stars : 4 - Montreal Canadiens : 5.
6:31 of 3rd period - William Karlsson wins face-off versus Macklin Celebrini in neutral zone.
7:03 of 3rd period - Evgeni Malkin is hit by Evgeni Dadonov and loses puck.
7:22 of 3rd period - Wrist shot by Kent Johnson.
7:22 of 3rd period - Stopped by Stuart Skinner with a rebound.
7:24 of 3rd period - Wrist shot by Brock Nelson.
7:24 of 3rd period - Goal by Brock Nelson - Minnesota North Stars : 5 - Montreal Canadiens : 5.
7:25 of 3rd period - Jake Evans wins face-off versus Ryan Nugent-Hopkins in neutral zone.
7:27 of 3rd period - Off-side.
7:28 of 3rd period - Ryan Nugent-Hopkins wins face-off versus Drew O'Connor in neutral zone.
7:33 of 3rd period - Snap shot by Jonathan Marchessault.
7:33 of 3rd period - Shot Misses the Net.
7:58 of 3rd period - Wrist shot by Brad Marchand.
7:58 of 3rd period - Stopped by Logan Thompson without a rebound.
7:59 of 3rd period - Dylan Larkin wins face-off versus Jack Hughes in Minnesota North Stars zone.
8:30 of 3rd period - Off-side.
8:31 of 3rd period - Jake Evans wins face-off versus Brock Nelson in neutral zone.
8:34 of 3rd period - Snap shot by Patrik Laine.
8:34 of 3rd period - Shot Misses the Net.
8:44 of 3rd period - Wrist shot by Brock Nelson.
8:44 of 3rd period - Shot Misses the Net.
8:46 of 3rd period - Snap shot by Valeri Nichushkin.
8:46 of 3rd period - Shot Misses the Net.
8:48 of 3rd period - Slapshot by Neal Pionk.
8:48 of 3rd period - Stopped by Stuart Skinner without a rebound.
8:49 of 3rd period - Ryan Nugent-Hopkins wins face-off versus Dylan Larkin in Montreal Canadiens zone.
8:50 of 3rd period - Snap shot by William Eklund.
8:50 of 3rd period - Shot Misses the Net.
9:42 of 3rd period - Snap shot by Patrik Laine.
9:42 of 3rd period - Shot Blocked by Neal Pionk.
9:44 of 3rd period - Snap shot by Drew O'Connor.
9:44 of 3rd period - Shot Misses the Net.
10:02 of 3rd period - Snap shot by Arttu Hyry.
10:02 of 3rd period - Shot Blocked by William Karlsson.
10:04 of 3rd period - Snap shot by Adam Fox.
10:04 of 3rd period - Deflect By Teddy Blueger.
10:04 of 3rd period - Deflect By Ivan Barbashev.
10:04 of 3rd period - Goal by Teddy Blueger - Minnesota North Stars : 5 - Montreal Canadiens : 6.
10:05 of 3rd period - Ryan Nugent-Hopkins wins face-off versus Dylan Larkin in neutral zone.
10:34 of 3rd period - Slapshot by Rasmus Dahlin.
10:34 of 3rd period - Goal by Rasmus Dahlin - Minnesota North Stars : 6 - Montreal Canadiens : 6.
10:35 of 3rd period - Macklin Celebrini wins face-off versus Jack Hughes in neutral zone.
10:42 of 3rd period - Snap shot by Brad Marchand.
10:42 of 3rd period - Shot Misses the Net.
10:50 of 3rd period - Snap shot by Brad Marchand.
10:50 of 3rd period - Shot Misses the Net.
11:02 of 3rd period - Kent Johnson is hit by Jake Evans and loses puck.
11:07 of 3rd period - Snap shot by Patrik Laine.
11:07 of 3rd period - Deflect By Jake Evans.
11:07 of 3rd period - Stopped by Logan Thompson without a rebound.
11:08 of 3rd period - Jake Evans wins face-off versus Ryan Nugent-Hopkins in Minnesota North Stars zone.
11:09 of 3rd period - Slapshot by Patrik Laine.
11:09 of 3rd period - Shot Misses the Net.
11:11 of 3rd period - Wrist shot by Jayden Struble.
11:11 of 3rd period - Stopped by Logan Thompson without a rebound.
11:12 of 3rd period - Dylan Larkin wins face-off versus Ryan Nugent-Hopkins in Minnesota North Stars zone.
11:13 of 3rd period - Snap shot by Martin Necas.
11:13 of 3rd period - Stopped by Logan Thompson with a rebound.
11:59 of 3rd period - Wrist shot by Kent Johnson.
11:59 of 3rd period - Stopped by Stuart Skinner without a rebound.
12:00 of 3rd period - Jack Hughes wins face-off versus Jake Evans in Montreal Canadiens zone.
12:05 of 3rd period - Snap shot by Frank Vatrano.
12:05 of 3rd period - Shot Hit the Post.
12:07 of 3rd period - Wrist shot by Frank Vatrano.
12:07 of 3rd period - Goal by Frank Vatrano - Minnesota North Stars : 7 - Montreal Canadiens : 6.
12:08 of 3rd period - Ryan Nugent-Hopkins wins face-off versus Dylan Larkin in neutral zone.
12:47 of 3rd period - Minor Penalty to Jonathan Marchessault for Delaying the game.
12:48 of 3rd period - Dylan Larkin wins face-off versus Mattias Janmark in Minnesota North Stars zone.
12:59 of 3rd period - Wrist shot by Martin Necas.
12:59 of 3rd period - Shot Misses the Net.
13:01 of 3rd period - Wrist shot by Dylan Larkin.
13:01 of 3rd period - Stopped by Logan Thompson without a rebound.
13:02 of 3rd period - Ryan Nugent-Hopkins wins face-off versus Dylan Larkin in Minnesota North Stars zone.
13:29 of 3rd period - Ryan Nugent-Hopkins is hit by Macklin Celebrini and loses puck.
14:47 of 3rd period - Penalty to Jonathan Marchessault is over, Jonathan Marchessault is back on ice.
14:56 of 3rd period - Arttu Hyry is hit by Frank Vatrano and loses puck.
15:05 of 3rd period - Snap shot by Frank Vatrano.
15:05 of 3rd period - Deflect By Jack Hughes.
15:05 of 3rd period - Shot Misses the Net.
15:05 of 3rd period - Puck is out of play.
15:06 of 3rd period - Teddy Blueger wins face-off versus Brock Nelson in Montreal Canadiens zone.
15:18 of 3rd period - Snap shot by Kent Johnson.
15:18 of 3rd period - Shot Blocked by Teddy Blueger.
15:24 of 3rd period - Valeri Nichushkin is hit by Teddy Blueger and loses puck.
15:55 of 3rd period - Wrist shot by Ryan Nugent-Hopkins.
15:55 of 3rd period - Shot Blocked by Adam Fox.
16:05 of 3rd period - Wrist shot by William Eklund.
16:05 of 3rd period - Stopped by Stuart Skinner without a rebound.
16:06 of 3rd period - Brock Nelson wins face-off versus Teddy Blueger in Montreal Canadiens zone.
16:15 of 3rd period - Wrist shot by Brock Nelson.
16:15 of 3rd period - Shot Misses the Net.
16:36 of 3rd period - Wrist shot by Jonathan Marchessault.
16:36 of 3rd period - Stopped by Stuart Skinner with a rebound.
17:13 of 3rd period - Juraj Slafkovsky is hit by Jack Hughes and loses puck.
17:25 of 3rd period - Penalty Shot by Mattias Janmark for Minnesota North Stars.
17:25 of 3rd period - Wrist shot by Mattias Janmark.
17:25 of 3rd period - Stopped by Stuart Skinner.
17:26 of 3rd period - Jake Evans wins face-off versus Ryan Nugent-Hopkins in Minnesota North Stars zone.
17:27 of 3rd period - Wrist shot by Patrik Laine.
17:27 of 3rd period - Shot Misses the Net.
17:39 of 3rd period - Wrist shot by William Eklund.
17:39 of 3rd period - Stopped by Stuart Skinner with a rebound.
17:41 of 3rd period - Wrist shot by Jonathan Marchessault.
17:41 of 3rd period - Stopped by Stuart Skinner with a rebound.
17:43 of 3rd period - Slapshot by Neal Pionk.
17:43 of 3rd period - Deflect By Jonathan Marchessault.
17:43 of 3rd period - Shot Blocked by Jake Evans.
17:43 of 3rd period - Puck is out of play.
17:44 of 3rd period - Teddy Blueger wins face-off versus Brock Nelson in Montreal Canadiens zone.
17:51 of 3rd period - Snap shot by Brock Nelson.
17:51 of 3rd period - Shot Blocked by Damon Severson.
17:59 of 3rd period - Slapshot by Valeri Nichushkin.
17:59 of 3rd period - Shot Misses the Net.
18:01 of 3rd period - Slapshot by Brock Nelson.
18:01 of 3rd period - Shot Hit the Post.
18:11 of 3rd period - Wrist shot by Ryan Nugent-Hopkins.
18:11 of 3rd period - Stopped by Stuart Skinner with a rebound.
18:41 of 3rd period - Montreal Canadiens, Stuart Skinner is pulled from the net.
18:41 of 3rd period - Wrist shot by Dylan Larkin.
18:41 of 3rd period - Shot Blocked by Erik Cernak.
18:55 of 3rd period - Wrist shot by Valeri Nichushkin.
18:55 of 3rd period - Shot Misses the Net.
19:09 of 3rd period - Wrist shot by Dylan Larkin.
19:09 of 3rd period - Stopped by Logan Thompson without a rebound.
19:10 of 3rd period - Scott Arniel call a timeout for Montreal Canadiens.
19:10 of 3rd period - Ryan Nugent-Hopkins wins face-off versus Dylan Larkin in Minnesota North Stars zone.
19:10 of 3rd period - Ryan Nugent-Hopkins is hit by Martin Necas.
19:54 of 3rd period - Slapshot by Dylan Larkin.
19:54 of 3rd period - Deflect By Valeri Nichushkin.
19:54 of 3rd period - Shot Blocked by Gustav Forsling.
19:54 of 3rd period - Puck is out of play.
19:55 of 3rd period - Ryan Nugent-Hopkins wins face-off versus Dylan Larkin in Minnesota North Stars zone.
19:55 of 3rd period - Ryan Nugent-Hopkins is hit by Dylan Larkin.
Goals for this period are 5 for Minnesota North Stars vs 2 for Montreal Canadiens.
Shots for this period are 16 for Minnesota North Stars vs 12 for Montreal Canadiens.
Back to the Top